 Dungeon Crawl Stone Soup version 0.29-a0-1065-g47a6bb8 (webtiles) character file.

Game seed: 996289926031072601

77 XZede the Grave Robber (level 4, -3/32 HPs)
             Began as a Human Necromancer on Aug 18, 2022.
             Slain by a goblin
             ... wielding a +0 dagger
             ... led by Robin
              (4 damage)
             ... on level 3 of the Dungeon.
             The game lasted 00:15:12 (2523 turns).

XZede the Grave Robber (Human Necromancer)          Turns: 2523, Time: 00:15:12

Health: -3/32      AC:  2    Str:  8    XL:     4   Next: 60%
Magic:  4/7        EV: 12    Int: 17    God:
Gold:   58         SH:  0    Dex: 14    Spells: 6/7 levels left

rFire   . . .      SeeInvis .   d - +0 dagger
rCold   . . .      Faith    .   (no shield)
rNeg    . . .      Spirit   .   a - +0 robe
rPois   .          Reflect  .   (no helmet)
rElec   .          Harm     .   (no cloak)
rCorr   .          Rampage  .   (no gloves)
Will    .....                   (no boots)
Stlth   ++........              (no amulet)
HPRegen 0.10/turn               (no ring)
MPRegen 0.10/turn               (no ring)

@: hasted, very quick
A: no striking features
a: no special abilities


You were on level 3 of the Dungeon.
You visited 1 branch of the dungeon, and saw 4 of its levels.

You collected 58 gold pieces.

Inventory:

Hand Weapons
 d - a +0 dagger (weapon)
 j - a +0 sling
Armour
 a - a +0 robe (worn)
Wands
 o - a wand of mindburst (19)
Scrolls
 e - 2 scrolls of teleportation {unknown}
 f - 2 scrolls of torment {unknown}
 i - a scroll of blinking {unknown}
 k - 2 scrolls of amnesia {unknown}
 m - 2 scrolls of poison {unknown}
Potions
 b - 2 potions of magic
 g - a potion of ambrosia {unknown}
 h - a potion of degeneration {unknown}
 l - a potion of flight {unknown}
 n - 2 potions of mutation {unknown}


   Skills:
 + Level 1.0 Fighting
 + Level 1.1 Short Blades
 + Level 2.3 Dodging
 + Level 2.6 Stealth
 + Level 2.4 Spellcasting
 * Level 4.6 Necromancy


You had 6 spell levels left.
You knew the following spells:

 Your Spells              Type           Power      Damage    Failure   Level
a - Necrotise             Necr           68%        1d7       2%          1

Your spell library contained the following spells:

 Spells                   Type           Power      Damage    Failure   Level
 Vampiric Draining        Necr           17%        2d7       9%          3
 Magic Dart               Conj           8%         1d3       19%         1
 Searing Ray              Conj           4%         2d4       28%         2
 Animate Dead             Necr           17%        N/A       28%         4
 Agony                    Necr           17%        N/A       61%         5
 Fulminant Prism          Conj/Hex       1%         3d6       88%         4


Dungeon Overview and Level Annotations

Branches:
Dungeon (4/15)
 Temple: D:4-7

Altars:

Annotations:
D:3 Robin


Message History

Your goblin skeleton is destroyed!
A hobgoblin comes into view.
Robin throws the goblin at you! The goblin hits you but does no damage.
A hobgoblin comes into view.
Casting: Necrotise (safe; 2% risk of failure)
Confirm with . or Enter, or press ? or * to list all spells.
Aiming: Necrotise (safe; 2% risk of failure)
Press: ? - help, Shift-Dir - straight line, f - goblin
Aim: a goblin, wielding a +0 dagger (strong, chance to affect: 87%)
The goblin writhes in agony!
You kill the goblin!
The dead are walking!
Robin throws the goblin at you!
The hobgoblin barely misses your goblin skeleton.
The goblin hits your goblin skeleton with a +0 dagger.
The goblin hits you with a +0 club. x2
Your goblin skeleton hits the hobgoblin but does no damage.
Your goblin skeleton closely misses the hobgoblin.
The goblin attacks as you move away! The goblin hits you with a +0 club.
The goblin attacks as you move away! The goblin hits you with a +0 club.
Your goblin skeleton barely misses the hobgoblin.
You swap places.
The hobgoblin hits you.
The goblin hits your goblin skeleton with a +0 club.
Your goblin skeleton is destroyed!
Robin throws the goblin at you!
The hobgoblin closely misses your goblin skeleton.
The goblin hits you with a +0 club. The goblin closely misses you.
Your goblin skeleton hits the hobgoblin but does no damage.
The goblin attacks as you move away! The goblin closely misses you.
The goblin hits your goblin skeleton with a +0 club. x2
Your goblin skeleton is destroyed!
Something barely misses your goblin skeleton.
The hobgoblin hits your goblin skeleton.
The goblin hits you with a +0 dagger.
* * * LOW HITPOINT WARNING * * *
It was a potion of haste.
You feel yourself speed up. The hobgoblin hits you.
* * * LOW HITPOINT WARNING * * *
Something hits your goblin skeleton.
Your goblin skeleton is destroyed!
The goblin hits you with a +0 dagger.
You die...

###### #..# >....# ##..#
####.# #...## #.# #..<.
#.# #...# #.# #...#
####.###### #...#
..........# #..@#
##...####.####ggg####.#.
#...##.........gg)g....
#.......^....)....g....
#...#..............(>..
.#.....##.##.#....###.##
..........##.#)...# ..
.###..###.##.#....# # #
#..###.##.#....#


You could see 2 hobgoblins and 3 goblins.

Vanquished Creatures
  2 adders (D:2)
  A worm (D:2)
  6 endoplasms
  2 giant cockroaches (D:1)
  11 goblins
  2 jackals (D:1)
  7 kobolds
  3 quokkas
  5 ball pythons
  A bat (D:2)
  4 frilled lizards
  5 rats
49 creatures vanquished.

Vanquished Creatures (collateral kills)
  A bat (D:1)
  A frilled lizard (D:1)
  A kobold (D:1)
  A rat (D:1)
4 creatures vanquished.

Grand Total: 53 creatures vanquished

Notes
Turn   | Place    | Note
-------+----------+-------------------------------------------
     0 | D:1      | XZede the Human Necromancer began the quest for the Orb.
     0 | D:1      | Reached XP level 1. HP: 13/13 MP: 3/3
   120 | D:1      | Reached XP level 2. HP: 9/19 MP: 0/5
   499 | D:1      | Found a faded altar of an unknown god.
   759 | D:1      | Reached XP level 3. HP: 25/25 MP: 3/6
  1455 | D:2      | Identified the +3 short sword "Biniefi" {drain, rPois
                  | Dex+4}
  1560 | D:2      | Reached skill level 1 in Fighting
  1560 | D:2      | Reached XP level 4. HP: 28/32 MP: 3/7
  1662 | D:2      | Reached skill level 1 in Short Blades
  2230 | D:2      | You fall into a shaft and drop 2 floors!
  2516 | D:3      | Noticed Robin
  2523 | D:3      | HP: 1/32 [hobgoblin[Robin] (6)]
  2523 | D:3      | Slain by a goblin

Illustrated notes

Levels and vault maps discovered:
D:1:      dpeg_arrival_shelter, layout_basic,
          hellmonk_ecumenical_altar_arch_garden,
          amcnicky_mini_rare_corridor_liquid
D:2:      layout_rooms
D:3:      layout_loops_cross, serial_shops, nicolae_shop_advertising_works
          [nicolae_subvault_shop_adworks], minivault_26, uniq_robin
D:4:      minmay_opposing_rooms, layout_basic, uniq_duvessa, uniq_blork_the_orc

Skill      XL: |  1  2  3  4 |
---------------+-------------+-----
Fighting       | 1 |  1.0
Short Blades   | 1 |  1.1
Dodging        | |  2.3
Stealth        | |  2.6
Spellcasting   | |  2.4
Necromancy     | |  4.6

Action                   |  1- 3 |  4- 6 || total
-------------------------+-------+-------++-------
Melee: Dagger            |    43 |    32 ||    75
       Punch             |     2 |     1 ||     3
 Cast: Necrotise         |    51 |    23 ||    74
  Use: Potion            |       |     1 ||     1
 Stab: Sleeping          |       |     1 ||     1
Armor: Robe              |     6 |    23 ||    29
Dodge: Dodged            |    41 |    37 ||    78

Table legend: (Time is in decaauts)
 A = Elapsed time spent in this place.
 B = Non-inter-level travel time spent in this place.
 C = Inter-level travel time spent in this place.
 D = Time resting spent in this place.
 E = Time spent auto-exploring this place.
 F = Levels seen in this place.
 G = Mean time per level.
                   A        B        C        D        E       F      G
               +--------+--------+--------+--------+--------+-----+--------+
         Total |   2517 |   2498 |     19 |    555 |   1607 |   4 |  629.2 |
       Dungeon |   2517 |   2498 |     19 |    555 |   1607 |   4 |  629.2 |
               +--------+--------+--------+--------+--------+-----+--------+

Top non-repeatable levels by time:
     D:1: 1371 daAuts
     D:2: 853 daAuts
     D:3: 263 daAuts
     D:4: 28 daAuts
